AoeStats
← Yaycub

Arabia

505974278Analyzed
1v1 RM · 21d ago on Sep 11, 2026· 50m 44s· 2 players
Game mode
Random Map
Map size
Tiny (2 player)
Population
200
Speed
Normal
Resources
Standard
Victory
Conquest
Starting age
Dark Age
Ending age
Imperial Age
RankedLock teamsTeams togetherTeam positionsShared explorationLock speedFull tech treeHidden civsTurbo modeCheats
Victory
Defeat
🇦🇷 Persians · Argentina
1220
+15
🇨🇦 Spanish · Canada
1188
-15
La Maquinaa!!
9:27 Feudal Age
8:35 Loom
15:08 Double-Bit Axe
15:16 Horse Collar
22:01 Castle Age
20:15 Gold Mining
21:12 Scale Barding Armor
21:57 Bloodlines
23:26 Husbandry
23:54 Forging
24:00 Town Watch
26:10 Chain Barding Armor
27:18 Iron Casting
28:25 Fletching
28:46 Elite Skirmisher
30:40 Wheelbarrow
30:53 Padded Archer Armor
30:49 Bodkin Arrow
32:31 Leather Archer Armor
33:48 Thumb Ring
33:49 Stone Mining
34:56 Ballistics
34:42 Heavy Plow
38:51 Murder Holes
39:06 Masonry
43:29 Imperial Age
43:19 Cavalier
45:19 Plate Barding Armor
45:57 Chemistry
46:12 Blast Furnace
45:17 Savar
47:35 Ring Archer Armor
Yaycub
6:32 Loom
8:59 Feudal Age
17:10 Double-Bit Axe
20:42 Castle Age
18:30 Horse Collar
19:52 Stone Mining
19:55 Gold Mining
21:39 Heavy Plow
24:12 Bloodlines
24:02 Husbandry
24:06 Padded Archer Armor
24:40 Pikeman
29:39 Bow Saw
30:18 Leather Archer Armor
32:18 Fletching
40:38 Town Watch
41:29 Wheelbarrow
41:03 Bodkin Arrow
46:15 Imperial Age
45:46 Scale Mail Armor
45:48 Squires
45:35 Arson
47:08 Wheelbarrow
46:48 Halberdier
49:03 Chain Mail Armor
50:24 Cavalier
Connection lost

Rejoining the realm…

Still unreachable

The connection could not be restored.

Session expired

The server has moved on; the page needs a fresh start.